Unix NetHack Version 3.7.0-62 Work-in-progress - last build Aug 7 2022 04:32:40 (f254b98e4f4e6c2f4e816e90bd3419c5233a8e5f,branch:master). Game began 2022-08-06 22:19:01, ended 2022-08-07 09:13:15. spontiff, neutral male gnomish Healer ----- |...| ------- |...-####|.<....################################0 ------- |...| #......| ## |)d.$@-# |...| |.....-# # # |m.[..|# --|-- |.....|## -------- #------.- |.@...|# # |.....| # #.......-# #-......| |[[[[.|# # |.....| # #|......|#########|......| |][[[.|## # ------- # ##|......| #|......| |[F[[.| # # # ##### |.>....| #.......| ------- # # # # |......| -------- ### ## #-------- # -------- # --|------------ #|.....^.## # |..............####|.*.^..| ###..............| #-......| |......>......| #|...---- --------------- #|...| #-..)| ----- Spontiff the Rhizotomist St:10 Dx:10 Co:16 In:8 Wi:15 Ch:17 Neutral S:200 Dlvl:4 $:0 HP:0(20) Pw:3(8) AC:1 Xp:1/0 T:2649 Stressed Latest messages: "For you, good sir; only 6 zorkmids for this pair of jungle boots." You have a little trouble lifting e - a pair of jungle boots (unpaid, 6 zorkmids). The large dog bites the small mimic. The small mimic misses the large dog. The small mimic hits! The large dog bites the small mimic. What do you want to use or apply? [jkopstwzIJPRSYZ or ?*] s In what direction? k Status of the small mimic (neutral): Level 6 HP 15(30) AC 7. You see here a pair of padded gloves (for sale, 53 zorkmids). The large dog bites the small mimic. The small mimic hits the large dog. "For you, good sir; only 53 zorkmids for this pair of padded gloves." You have a little trouble lifting f - a pair of padded gloves (unpaid, 53 zorkmids). The large dog bites the small mimic. The small mimic misses the large dog. What do you want to use or apply? [jkopstwzIJPRSYZ or ?*] s In what direction? k Status of the large dog (neutral): Level 9 HP 46(72) AC 4, tame. In what direction? k The large dog looks better. The large dog bites the small mimic. The small mimic misses the large dog. The large dog bites the small mimic. The small mimic is killed! The large dog eats a small mimic corpse. You see a tripe ration appear where the large dog was! You see here a large shield (for sale, 8 zorkmids). What do you want to use or apply? [jkopstwzIJPRSYZ or ?*] s In what direction? y That tripe ration is really a large dog. Status of the large dog (neutral): Level 9 HP 65(72) AC 4, tame, eating. You see here 6 arrows (for sale, 12 zorkmids). You see here a plate mail (for sale, 450 zorkmids). You have a little trouble lifting a plate mail. Continue? [ynq] (q) y "For you, most gracious sir; only 450 zorkmids for this plate mail." l - a plate mail (unpaid, 450 zorkmids). You rebalance your load. Movement is difficult. You see here 6 arrows (for sale, 12 zorkmids). The large dog bites the small mimic. The small mimic misses the large dog. The small mimic hits! The large dog bites the small mimic. You don't have enough stamina to move. The large dog bites the small mimic. The small mimic hits! You die... Siirt comes and takes all your possessions. Do you want to see what you had when you died? [ynq] (y) y Do you want to see the dungeon overview? [ynq] (y) q Major events: Turn 1: spontiff the neutral male gnomish Healer entered the dungeon 2383: entered the Gnomish Mines 2649: killed by a small mimic Inventory: Armor a - an uncursed +0 helm of brilliance h - an uncursed +0 orcish helm (being worn) f - an uncursed +2 pair of gauntlets of power g - an uncursed +1 pair of leather gloves (being worn) V - a cursed -1 pair of fumble boots e - an uncursed +0 pair of kicking boots q - a blessed +0 cloak of protection (being worn) d - a blessed +1 leather armor (being worn) l - an uncursed +0 plate mail Comestibles y - 7 uncursed apples n - 2 uncursed food rations m - an uncursed sprig of wolfsbane Scrolls v - an uncursed scroll of remove curse Spellbooks p - an uncursed spellbook of clairvoyance Potions c - a blessed potion of healing X - an uncursed potion of paralysis named SMOKY x - an uncursed potion of water W - a potion of unholy water named UNHOLY Wands Y - an uncursed wand of cancellation (0:6) S - an uncursed wand of sleep (0:8) I - an uncursed wand of speed monster (0:5) Tools Z - an uncursed bag of tricks (0:0) j - an uncursed magic flute (0:6) R - a cursed crystal ball (0:5) P - a blessed figurine of a fox z - an uncursed leash w - an uncursed mirror k - an uncursed skeleton key s - an uncursed stethoscope o - an uncursed tin whistle J - an uncursed tinning kit (0:80) t - an uncursed towel Gems/Stones b - an uncursed worthless piece of red glass i - an uncursed worthless piece of yellow glass Spontiff the Healer's attributes: Background: You were a Rhizotomist, a level 1 male gnomish Healer. You were neutral, on a mission for Hermes who was opposed by Athena (lawful) and Poseidon (chaotic). You were in the Dungeons of Doom, on level 4. You entered the dungeon 2649 turns ago. You had 0 experience points, 20 were needed to attain level 2. Your score was 200 before end-of-game adjustments. Basics: You had 0 out of 20 hit points. You had 3 out of 8 energy points (spell power). Your armor class was 1. Your wallet was empty. Autopickup was on, but temporarily disabled while inside the shop. Final Characteristics: Your strength was 10 (limit:18/50). Your dexterity was 10 (limit:18). Your constitution was 16 (limit:18). Your intelligence was 8 (limit:19). Your wisdom was 15 (limit:18). Your charisma was 17 (limit:18). Final Status: You were not hungry. You were stressed; movement was moderately slowed. You were empty handed. You were unskilled in bare handed combat. Final Attributes: You were devoutly aligned. You were poison resistant. You had infravision. You were protected. You are dead. Miscellaneous: You never encountered a bones level. Total elapsed playing time was 33 minutes and 4 seconds. Vanquished creatures: 3 small mimics a shrieker 2 acid blobs a gas spore a hobbit a large kobold 3 giant rats a green mold a red mold a gnome zombie 5 geckos 2 jackals 2 foxes 3 kobolds 5 goblins a sewer rat 3 grid bugs 3 bats 7 lichens a kobold zombie 10 newts 57 creatures vanquished. No species were genocided or became extinct. Voluntary challenges: You never hit with a wielded weapon. You were a pacifist. You were illiterate. You never engraved Elbereth. You never genocided any monsters. You never polymorphed an object. You never changed form. You used no wishes. Achievements: You entered a shop. You entered the Gnomish Mines. The Dungeons of Doom: levels 1 to 5 Level 1: "Stashlet" A fountain. Level 2: A shop. Level 3: A general store, a fountain, a grave. Level 4: <- You were here. An armor shop. Stairs down to The Gnomish Mines. Final resting place for you, killed by a small mimic. Level 5: The Gnomish Mines: Level 5: Game over: ---------- / \ / REST \ / IN \ / PEACE \ / \ | spontiff | | 0 Au | | killed by a | | small mimic | | | | | | 2022 | *| * * * | * _________)/\\_//(\/(/\)/\//\/|_)_______ Goodbye spontiff the Healer... You died in The Dungeons of Doom on dungeon level 4 with 200 points, and 0 pieces of gold, after 2649 moves. You were level 1 with a maximum of 20 hit points when you died.